 Dungeon Crawl Stone Soup version 0.23.2-40-g277498a (webtiles) character file.

Game seed: 15871373073612739911

121 Kurtz the Chopper (level 4, -4/35 HPs)
             Began as a Mummy Chaos Knight on Sept 25, 2019.
             Was a Plaything of Xom.
             Slain by a gnoll
             ... wielding a +0 halberd
              (8 damage)
             ... on level 2 of the Dungeon.
             The game lasted 00:01:11 (1327 turns).

Kurtz the Chopper (Mummy Chaos Knight)              Turns: 1327, Time: 00:01:11

Health: -4/35      AC:  5    Str: 20    XL:     4   Next: 76%
Magic:  4/4        EV: 11    Int: 11    God:    Xom [*.....]
Gold:   72         SH:  0    Dex: 12    Spells: 3/3 levels left

rFire    x . .     SeeInvis .   a - +0 hand axe (chaos)
rCold    + . .     Gourm    .   (no shield)
rNeg     + + +     Faith    .   b - +2 leather armour
rPois    ∞         Spirit   .   (no helmet)
rElec    .         Reflect  .   (no cloak)
rCorr    .         Harm     .   (no gloves)
MR       .....                  (no boots)
Stlth    +.........             (no amulet)
HPRegen  0.11/turn              (no ring)
MPRegen  0.09/turn              (no ring)

@: mighty
A: no food or potions, fire vulnerability, cold resistance 1, negative energy
resistance 3, torment resistance, unbreathing
a: Renounce Religion


You were on level 2 of the Dungeon.
You worshipped Xom.
You were a special plaything of Xom.
You were not hungry.

You visited 1 branch of the dungeon, and saw 2 of its levels.

You collected 72 gold pieces.

Inventory:

Hand Weapons
 a - a +0 hand axe of chaos (weapon)
Armour
 b - a +2 leather armour (worn)
Scrolls
 c - 2 scrolls of identify {unknown}
 d - a scroll of remove curse {unknown}
 e - a scroll of enchant armour {unknown}
 f - a scroll of noise {unknown}


   Skills:
 - Level 3.0 Fighting
 * Level 4.6 Axes
 - Level 1.5 Armour
 - Level 0.7 Dodging


You had 3 spell levels left.
You didn't know any spells.
Your spell library was empty.

Dungeon Overview and Level Annotations

Branches:
Dungeon (2/15)

Altars:


Innate Abilities, Weirdness & Mutations

You do not eat or drink.
Your flesh is vulnerable to fire.
You are immune to poison.
Your flesh is cold resistant. (rC+)
You are immune to negative energy. (rN+++)
You are immune to unholy pain and torment.
You can survive without breathing.


Message History

The gnoll closely misses you. The gnoll closely misses you.
Xom smirks.
You detect items!
Things that are here:
a +0 dagger; a +0 robe; the human corpse of Jessica You kill the gnoll!
You start resting.
Xom makes a sudden noise!
You hear a screech!
You are now a special plaything of Xom.
You hear an angry hiss.
The gnoll hits you from afar with a +0 halberd!
* * * LOW HITPOINT WARNING * * *
Unknown command.
The gnoll hits you from afar with a +0 halberd.
* * * LOW HITPOINT WARNING * * *
You see here an adder skeleton.
The gnoll hits you from afar with a +0 halberd!
You die...
Xom laughs nastily!

. ###......# .......
.######........# .......
........!.###### .......
...####...# .......
.........## ##÷......
##...###.# ######........
#..÷....####......#.#####
#######.#.........# #
##..#.÷..@..#.#
##.....÷...#.#
##...g......#
#...###...## #....g#.#.#
##.##...#.# ##.##...#.#
#. #..#....g.####...
#....####g.....#


You could see a gnoll shaman and a gnoll.

Vanquished Creatures
  Jessica (D:2)
  A gnoll (D:2)
  6 adders (D:2)
  2 worms (D:2)
  A dart slug (D:1)
  A ball python (D:1)
  3 bats
  2 giant cockroaches (D:1)
  3 goblins (D:1)
  3 hobgoblins
  A kobold (D:1)
  3 frilled lizards
  2 rats (D:1)
  A butterfly (D:2)
30 creatures vanquished.

Notes
Turn   | Place    | Note
-------+----------+-------------------------------------------
     0 | D:1      | Kurtz the Mummy Chaos Knight began the quest for the Orb.
     0 | D:1      | Reached XP level 1. HP: 18/18 MP: 1/1
    46 | D:1      | XOM: harmless Conj miscast
   127 | D:1      | Reached XP level 2. HP: 19/24 MP: 2/2
   142 | D:1      | Reached skill level 3 in Axes
   656 | D:1      | XOM: divination: detect items
   755 | D:2      | Reached XP level 3. HP: 19/29 MP: 3/3
  1040 | D:2      | Reached skill level 4 in Axes
  1106 | D:2      | Reached XP level 4. HP: 15/35 MP: 4/4
  1196 | D:2      | Noticed Jessica
  1201 | D:2      | XOM: cast spell 'Olgreb's Toxic Radiance'
  1202 | D:2      | Killed Jessica
  1302 | D:2      | XOM: potion effect (might)
  1307 | D:2      | XOM: divination: detect items
  1317 | D:2      | XOM: noise
  1327 | D:2      | Slain by a gnoll

Skill      XL: |  1  2  3 |
---------------+----------+-----
Axes           | 3 4 |  4.6
Fighting       | |  3.0
Armour         | |  1.5
Dodging        | |  0.7

Action                   |  1- 3 |  4- 6 || total
-------------------------+-------+-------++-------
Melee: Hand axe          |    94 |     8 ||   102
 Stab: Petrified         |     2 |       ||     2
Armor: Leather armour    |    23 |     2 ||    25
Dodge: Dodged            |    57 |     6 ||    63
